Map: Honorgrounds LE

Players

zbawl - Winner!

  • Race: Terran Terran
  • League: Diamond
  • Spawn Location: 1:00

Musumeci

  • Race: Zerg Zerg
  • League: Diamond
  • Spawn Location: 11:00

VOD

Have the link to the VOD?

Description

Time

  • Played on: March 26, 2017, 2:28 p.m.
  • Length: 10:34
Show
View Real Time Build Order
Export as new Build Order

zbawl Terran - Winner!

Build Orders: Command Center First (CC), MMM Bio 

Get SALT Encoding   

  12  0:00  SCV  
  13  0:12  SCV  
  14  0:19  Supply Depot  
  14  0:24  SCV  
  15  0:40  SCV  
  16  0:52  SCV  
  17  1:04  SCV  
  17  1:05  Command Center  
  18  1:19  Barracks  
  18  1:23  SCV  
  19  1:32  Barracks  
  19  1:35  SCV  
  20  1:41  Refinery  
  20  1:47  SCV  
  22  2:08  Orbital Command  
  21  2:09  Marine  
  21  2:13  Barracks  
  22  2:21  Marine  
  23  2:27  Orbital Command  
  23  2:31  Marine  
  23  2:35  SCV  
  25  2:41  Marine  
  26  2:47  SCV  
  26  2:49  Marine  
  28  2:55  SCV  
  29  2:59  Barracks Tech Lab  
  29  3:02  Barracks Reactor  
  29  3:03  SCV  
  30  3:08  SCV, Marine  
  30  3:09  Supply Depot  
  32  3:15  SCV  
  32  3:18  Factory  
  33  3:20  SCV  
  33  3:24  Refinery  
  34  3:27  SCV  
  34  3:30  Refinery  
  34  3:32  SCV  
  36  3:34  Marine  
  36  3:35  Marine  
  36  3:39  SCV  
  36  3:40  Marine x2  
  41  3:44  SCV  
  42  3:49  Stimpack  
  42  3:52  Marine x2  
  42  3:53  Supply Depot  
  44  3:55  SCV  
  44  3:58  SCV  
  44  4:02  Supply Depot  
  46  4:14  SCV, Marine x2  
  46  4:16  Starport, Factory Reactor  
  49  4:17  SCV  
  49  4:20  Marine x2  
  52  4:24  Supply Depot  
  52  4:26  SCV  
  52  4:29  SCV  
  54  4:32  Marine x2  
  54  4:37  Marine, Supply Depot  
  54  4:38  SCV, Marine  
  58  4:42  SCV  
  60  4:50  Marine x2  
  60  4:51  SCV  
  63  4:54  SCV  
  64  5:03  SCV  
  64  5:06  SCV  
  66  5:08  Medivac x2  
  66  5:09  Command Center  
  66  5:10  Factory Reactor  
  70  5:15  SCV  
  70  5:17  Refinery  
  70  5:18  SCV  
  70  5:19  Supply Depot  
  71  5:21  Marine x3  
  71  5:27  SCV  
  71  5:28  Supply Depot  
  75  5:30  SCV  
  75  5:34  Marine  
  77  5:39  Marine  
  77  5:43  Marine  
  77  5:45  Marine  
  77  5:47  Widow Mine x2, Command Center  
  77  5:49  Medivac x2  
  87  5:52  Marine  
  87  5:53  SCV  
  89  5:57  SCV, Supply Depot  
  90  6:05  Engineering Bay  
  90  6:06  Engineering Bay  
  90  6:08  Marine x2  
  90  6:10  Marine  
  93  6:15  Barracks Reactor  
  93  6:24  Widow Mine x2  
  93  6:25  Marine, Medivac x2  
  102  6:36  Supply Depot x2  
  102  6:40  Terran Infantry Armor Level 1, Terran Infantry Weapons Level 1  
  102  6:50  Combat Shields  
  102  6:56  Supply Depot  
  102  6:57  SCV x2, Marine x5, Supply Depot  
  102  6:59  Orbital Command  
  109  7:04  Supply Depot  
  109  7:15  Marine x5  
  114  7:18  Armory  
  114  7:21  Missile Turret  
  114  7:33  Marauder, Marine x4  
  115  7:51  Marine x4  
  114  7:55  Marauder  
  113  8:00  Orbital Command  
  112  8:07  Widow Mine, Medivac  
  112  8:08  Marine x2, Medivac  
  112  8:09  Barracks  
  112  8:11  Barracks  
  120  8:16  Marauder  
  120  8:19  Marine x2  
  118  8:26  Marine x2  
  120  8:28  SCV x2  
  120  8:29  SCV  
  123  8:37  Marauder, Missile Turret, Marine x2  
  123  8:40  SCV x2  
  129  8:43  SCV  
  129  8:44  Marine x2  
  132  8:52  SCV  
  132  8:54  Marine  
  132  8:55  Marine  
  135  8:56  Supply Depot  
  135  8:59  Marauder  
  135  9:01  Barracks Reactor  
  135  9:02  Marine x2  
  139  9:04  Factory  
  139  9:08  Factory Tech Lab  
  136  9:19  Marine x2  
  136  9:20  Marauder, Marine  
  130  9:31  Marine  
  130  9:37  Marine x2  
  123  9:40  Marine  
  123  9:42  Marauder  
  121  9:48  Marine x4  
  121  9:49  Marine  
  121  9:51  Medivac x2, Siege Tank  
  133  9:55  Marine x2  
  133  9:58  Factory Tech Lab, Marine  
  133  9:59  SCV x2  
  138  10:00  Command Center  
  138  10:03  Marauder, Supply Depot  
  138  10:05  Marine x2, Supply Depot  
  142  10:12  Marine x2  
  147  10:23  Supply Depot  
  147  10:24  Supply Depot  
Show
View Real Time Build Order
Export as new Build Order

Musumeci Zerg 

Build Orders: Hatch First 

Get SALT Encoding   

  12  0:05  Drone  
  13  0:13  Drone  
  14  0:16  Drone, Extractor  
  15  0:40  Hatchery  
  14  0:45  Extractor  
  14  0:46  Drone  
  15  1:07  Spawning Pool  
  15  1:09  Drone, Extractor  
  14  1:15  Drone, Extractor  
  16  1:28  Overlord  
  16  1:46  Drone x3  
  19  1:53  Drone  
  19  1:54  Queen  
  20  1:57  Queen  
  24  2:01  Drone  
  24  2:04  Drone  
  26  2:12  Extractor  
  26  2:15  Extractor  
  24  2:34  Queen  
  24  2:35  Queen  
  28  2:44  Overlord  
  28  2:45  Overlord  
  28  2:57  Hatchery  
  27  3:04  Drone  
  27  3:05  Drone x3  
  31  3:18  Drone x5  
  36  3:23  Overlord  
  36  3:27  Extractor  
  36  3:33  Drone  
  36  3:37  Roach Warren  
  35  3:47  Overlord  
  35  3:49  Overlord  
  35  3:58  Overlord  
  35  4:17  Roach x6  
  47  4:20  Roach  
  49  4:25  Roach, Extractor  
  49  4:29  Roach  
  52  4:37  Roach  
  52  4:38  Roach  
  56  4:41  Roach  
  58  4:55  Roach x3  
  64  5:04  Drone x2  
  66  5:14  Overlord  
  66  5:15  Overlord x2  
  66  5:47  Drone x3  
  66  5:48  Drone x12  
  81  5:56  Drone x2, Extractor  
  82  5:58  Drone  
  83  6:06  Lair  
  83  6:14  Evolution Chamber  
  83  6:15  Evolution Chamber  
  81  6:19  Roach x3  
  81  6:23  Roach  
  89  6:38  Ravager  
  90  6:49  Spore Crawler x2  
  90  6:51  Spore Crawler  
  87  6:56  Drone x2, Evolution Chamber  
  87  6:57  Drone x3, Evolution Chamber  
  90  7:06  Overlord x2  
  90  7:07  Overlord  
  90  7:10  Spore Crawler  
  76  8:03  Drone x16  
  76  8:04  Drone x3  
  90  8:20  Roach x4  
  98  8:28  Drone x2  
  98  8:30  Extractor  
  98  8:32  Extractor  
  98  8:34  Drone  
  98  8:38  Ravager  
  98  8:39  Ravager x2  
  98  8:44  Spore Crawler  
  97  8:58  Ravager x2  
  97  8:59  Ravager x3  
  104  9:02  Roach  
  104  9:03  Roach x5, Overlord x2  
  104  9:04  Overlord  
  93  9:22  Overseer  
  78  9:32  Roach x5  
  78  9:33  Roach  
  64  9:41  Roach  
  64  9:42  Roach x2  
  49  9:46  Roach  
  49  9:47  Roach x2  
  51  9:57  Roach  
  49  10:04  Ravager x7  
  56  10:09  Hatchery, Ravager  
  56  10:12  Drone  
  57  10:15  Ravager  
  58  10:24  Ravager  
  58  10:25  Ravager  
Tags
 
Add a new tag
Caveats
  • Supply blocks, unpowered buildings, or Contaminate may cause inaccurate times.
  • Supply counts are checked every 10 seconds.